 Dungeon Crawl Stone Soup version 0.30-a0-972-gf3ab3527aa (webtiles) character file.

Game seed: 886243970684087139

157 Newt the Trooper (level 5, -1/42 HPs)
             Began as a Demonspawn Gladiator on Mar 31, 2023.
             Killed by divine providence
             ... invoked by an orc priest
              (16 damage)
             ... on level 2 of the Dungeon.
             The game lasted 00:03:28 (2134 turns).

Newt the Trooper (Demonspawn Gladiator)             Turns: 2134, Time: 00:03:29

Health: -1/42      AC:  6    Str: 16    XL:     5   Next: 15%
Magic:  5/5        EV: 12    Int: 10    God:
Gold:   85         SH:  0    Dex: 14    Spells: 4/4 levels left

rFire   . . .      SeeInvis .      - Unarmed
rCold   + . .      Faith    .    (no shield)
rNeg    . . .      Spirit   .    q - +2 leather armour {rC+}
rPois   .          Reflect  .    c - +0 helmet
rElec   .          Rampage  .    (no cloak)
rCorr   +                        (no gloves)
Will    .....                    (no boots)
Stlth   +                        f - amulet of magic regeneration
HPRegen 0.27/turn                r - ring of flight
MPRegen 0.58/turn                p - ring of resist corrosion

@: flying
A: claws 1, spiny 1, magic regeneration, sturdy frame 1
a: no special abilities


You were on level 2 of the Dungeon.
You visited 1 branch of the dungeon, and saw 3 of its levels.

You collected 85 gold pieces.

Inventory:

Hand Weapons
 a - a +0 rapier
Missiles
 d - 3 throwing nets
 e - a javelin
 j - 12 stones (quivered)
Armour
 b - a +0 leather armour
 c - a +0 helmet (worn)
 q - a +2 leather armour of cold resistance (worn)
Jewellery
 f - an amulet of magic regeneration (around neck)
 p - a ring of resist corrosion (right claw)
 r - a ring of flight (left claw)
Wands
 h - a wand of polymorph (1)
Scrolls
 g - a scroll of immolation
 k - a scroll of noise
 l - 2 scrolls of fear
Potions
 i - a potion of haste
 n - a potion of flight {unknown}
 o - a potion of heal wounds


   Skills:
 - Level 4.0 Fighting
 - Level 2.6 Short Blades
 - Level 1.7 Throwing
 - Level 2.6 Dodging
 + Level 3.1 Unarmed Combat


You had 4 spell levels left.
You didn't know any spells.
Your spell library was empty.

Dungeon Overview and Level Annotations

Branches:
Dungeon (3/15)

Altars:

Shops:
D:2 [


Innate Abilities, Weirdness & Mutations

You have sharp fingernails.
You are partially covered in sharp spines.
You regenerate magic rapidly.
Your movements are slightly less encumbered by armour. (ER -2)


Message History

The orc misses you. The orc priest closely misses you.
You fly upwards.
There is a stone staircase leading down here.
Unknown command.
You scratch the orc priest but do no damage.
The orc priest is struck by your spines.
The orc priest hits you with a +0 war axe.
The orc hits you but does no damage.
You scratch the orc priest.
The orc priest is moderately wounded.
The orc priest hits you with a +0 war axe.
The orc hits you but does no damage.
You scratch the orc priest but do no damage.
The orc priest is moderately wounded.
The orc priest calls down the wrath of Beogh upon you.
You barely resist. The orc barely misses you.
You barely miss the orc priest.
The orc priest is moderately wounded.
The orc priest closely misses you. The orc is struck by your spines.
The orc hits you but does no damage.
You scratch the orc priest.
The orc priest is severely wounded.
The orc priest calls down the wrath of Beogh upon you.
Beogh smites you! The orc barely misses you.
You scratch the orc priest.
The orc priest is almost dead.
The orc priest closely misses you. The orc hits you with a +0 club.
* * * LOW HITPOINT WARNING * * *
Unknown command.
You scratch the orc priest but do no damage.
The orc priest is almost dead.
Unknown command.
You feel better.
The orc priest hits you with a +0 war axe.
The orc closely misses you.
You barely miss the orc priest.
The orc priest is almost dead.
The orc priest mumbles some strange prayers to Beogh against you.
Beogh smites you!
You die...

################
#..............# ######
#.############.# ...<.#
##########.# #.# ####.#
#......o...# #.# #.#
#.#[...)@o.# #†#
####.############.## #.#
.....##....#####...#######
#.#
....##......##...........#
#.#
....#..≈≈.≈..##.....####.#
#.#
....+..≈.8...'..#.#.####.#
#.#
....+.§.8.≈..'.##.#...##.#
#.#
...##..≈.≈≈..####.#.#.##.#
#..
....##......##....#...##.#
###


You could see an orc priest and an orc.

Vanquished Creatures
  A scorpion (D:3)
  2 adders (D:2)
  2 dart slugs (D:2)
  3 worms (D:2)
  2 orcs (D:2)
  4 ball pythons
  4 bats
  6 endoplasms
  A giant cockroach (D:3)
  7 goblins
  2 hobgoblins
  10 jackals
  A quokka (D:2)
  6 frilled lizards
  4 kobolds
  3 rats
58 creatures vanquished.

Vanquished Creatures (others)
  7 plants (D:2)
7 creatures vanquished.

Grand Total: 65 creatures vanquished

Notes
Turn   | Place    | Note
-------+----------+-------------------------------------------
     0 | D:1      | Newt the Demonspawn Gladiator began the quest for the Orb.
     0 | D:1      | Reached XP level 1. HP: 16/16 MP: 1/1
   166 | D:1      | Gained mutation: You are partially covered in sharp spines.
                  | [demonic ancestry]
   166 | D:1      | Reached XP level 2. HP: 13/23 MP: 2/2
   296 | D:1      | Reached skill level 3 in Fighting
   847 | D:2      | Gained mutation: You have sharp fingernails. [demonic
                  | ancestry]
   847 | D:2      | Reached XP level 3. HP: 29/29 MP: 3/3
   936 | D:2      | Found Guide's Armour Shop.
   987 | D:2      | Reached skill level 4 in Fighting
  1002 | D:2      | Reached skill level 1 in Unarmed Combat
  1005 | D:2      | Gained mutation: You regenerate magic rapidly. [demonic
                  | ancestry]
  1005 | D:2      | Reached XP level 4. HP: 24/37 MP: 4/4
  1719 | D:3      | Noticed a scorpion
  1735 | D:3      | Killed a scorpion
  1736 | D:3      | Gained mutation: Your movements are slightly less
                  | encumbered by armour. (ER -2) [demonic ancestry]
  1736 | D:3      | Reached XP level 5. HP: 32/42 MP: 5/5
  2134 | D:2      | Killed from afar by an orc priest

Illustrated notes

Levels and vault maps discovered:
D:1:      saegor_arrival_simple_d, layout_loops_ring, roderic_st_hans_cross,
          nrook_mini_backslash, nicolae_eternal_life
D:2:      layout_loops_ring, serial_shops, shop, serial_forest,
          infiniplex_forest_straight_1, infiniplex_forest_clump_tiny,
          infiniplex_forest_diagonal, infiniplex_forest_clump_medium,
          infiniplex_forest_lined_room_, infiniplex_forest_straight_2,
          infiniplex_forest_clump_small, infiniplex_forest_clump_cross,
          infiniplex_forest_clump_diagonal, kennysheep_generic_room_3
D:3:      layout_rooms

Skill      XL: |  1  2  3  4 |
---------------+-------------+-----
Fighting       | 3 4 |  4.0
Unarmed Combat | 1 3 |  3.1
Short Blades   | |  2.6
Throwing       | |  1.7
Dodging        | |  2.6

Action                     |  1- 3 |  4- 6 || total
---------------------------+-------+-------++-------
  Melee: Rapier            |    92 |    32 ||   124
         Punch             |     2 |     2 ||     4
         Unarmed           |       |    20 ||    20
  Throw: Stone             |     5 |     4 ||     9
    Use: Scroll            |     5 |     2 ||     7
         Potion            |     1 |     1 ||     2
   Stab: Sleeping          |     1 |       ||     1
 Armour: Leather armour    |    24 |    18 ||    42
  Dodge: Dodged            |    44 |    44 ||    88

Table legend: (Time is in decaauts)
 A = Elapsed time spent in this place.
 B = Non-inter-level travel time spent in this place.
 C = Inter-level travel time spent in this place.
 D = Time resting spent in this place.
 E = Time spent auto-exploring this place.
 F = Levels seen in this place.
 G = Mean time per level.
                   A        B        C        D        E       F      G
               +--------+--------+--------+--------+--------+-----+--------+
         Total |   2122 |   2102 |     20 |    499 |   1228 |   3 |  707.3 |
       Dungeon |   2122 |   2102 |     20 |    499 |   1228 |   3 |  707.3 |
               +--------+--------+--------+--------+--------+-----+--------+

Top non-repeatable levels by time:
     D:2: 1170 daAuts
     D:1: 845 daAuts
     D:3: 107 daAuts
